 Dungeon Crawl Stone Soup version 0.25.1-2-g60ff931df9 (webtiles) character file.

Game seed: 7695055019951375109

102 Delamore the Cudgeler (level 4, 0/28 HPs)
             Began as a Gargoyle Fighter on Aug 5, 2020.
             Slain by an adder (1 damage)
             ... on level 3 of the Dungeon.
             The game lasted 00:01:33 (2272 turns).

Delamore the Cudgeler (Gargoyle Fighter)            Turns: 2272, Time: 00:01:34

Health: 0/28       AC: 10    Str: 20    XL:     4   Next: 77%
Magic:  4/4        EV:  3    Int:  9    God:
Gold:   194        SH:  9    Dex:  9    Spells: 3/3 levels left

rFire    . . .     SeeInvis .   a - +0 flail
rCold    . . .     Gourm    .   c - +0 kite shield
rNeg     + . .     Faith    .   b - +0 scale mail
rPois    ∞         Spirit   .   (no helmet)
rElec    +         Reflect  .   (no cloak)
rCorr    .         Harm     .   (no gloves)
MR       .....                  (no boots)
Stlth    ..........             (no amulet)
HPRegen  0.09/turn              e - -4 ring of evasion (curse)
MPRegen  0.09/turn              (no ring)

@: no status effects
A: negative energy resistance 1, electricity resistance, unbreathing,
petrification resistance, rot immunity, AC +3
a: no special abilities


You were on level 3 of the Dungeon.
You were not hungry.

You visited 1 branch of the dungeon, and saw 4 of its levels.

You collected 194 gold pieces.

Inventory:

Hand Weapons
 a - a +0 flail (weapon)
Armour
 b - a +0 scale mail (worn)
 c - a +0 kite shield (worn)
Jewellery
 e - a cursed -4 ring of evasion (left hand)
Scrolls
 g - 2 scrolls of teleportation {unknown}
 h - 3 scrolls of remove curse {unknown}
 i - a scroll of blinking {unknown}
 j - 4 scrolls of identify {unknown}
 m - a scroll of enchant armour {unknown}
 o - a scroll of enchant weapon {unknown}
Potions
 d - 4 potions of might
 k - a potion of lignification {unknown}
 n - a potion of flight {unknown}
 p - 2 potions of curing {unknown}
 q - a potion of mutation {unknown}
Comestibles
 f - 11 rations
 l - 2 chunks of flesh


   Skills:
 - Level 3.2 Fighting
 + Level 4.8 Maces & Flails
 - Level 3.2 Armour
 - Level 3.2 Shields


You had 3 spell levels left.
You didn't know any spells.
Your spell library was empty.

Dungeon Overview and Level Annotations

Branches:
Dungeon (4/15)
 Temple: D:4-7

Altars:
Ashenzari

Annotations:
D:4 Sigmund


Innate Abilities, Weirdness & Mutations

You are resistant to torment.
Your stone body is resilient. (AC +3)
You are immune to poison.
You resist negative energy. (rN+)
You are resistant to electric shocks. (rElec)
You can survive without breathing.
You are immune to petrification.
You are immune to rotting.


Message History

There is a stone staircase leading down here.
You block the adder's attack.
There is a stone staircase leading up here.
The adder bites you but does no damage. Something completely misses you.
You climb upwards.
Reactivating autopickup.
There is a stone staircase leading down here.
An adder is nearby!
You closely miss the adder.
The adder is severely wounded.
The adder bites you.
* * * LOW HITPOINT WARNING * * *
The adder bites you but does no damage.
You miss the adder.
The adder is severely wounded.
You block the adder's attack.
You completely miss the adder.
The adder is severely wounded.
The adder bites you.
You die...

#.........# #.# #...##..###
#.# ######..## #.# ##..# #.#
#..# #.# ########## #..# #.#
.........# #..# #.#
.........# ##.####.#
.........# #.@S.#.#
.........# ####.#.#
.........# #.#.# ...).....#
#.#.# .........# #.#.#######
.........# #.#.......#
.........# #.#######.#
.........# #.##..<.#.#
..[......#########.##.#..#.#


You could see an adder.

Vanquished Creatures
  An adder (D:3)
  2 oozes
  A worm (D:3)
  3 dart slugs
  7 leopard geckos
  6 orcs
  6 giant cockroaches
  7 goblins
  5 hobgoblins
  3 jackals (D:2)
  A quokka (D:3)
  2 ball pythons
  4 bats
  4 frilled lizards
  4 kobolds
  2 rats (D:3)
58 creatures vanquished.

Notes
Turn   | Place    | Note
-------+----------+-------------------------------------------
     0 | D:1      | Delamore the Gargoyle Fighter began the quest for the Orb.
     0 | D:1      | Reached XP level 1. HP: 14/14 MP: 1/1
   435 | D:1      | Reached XP level 2. HP: 15/19 MP: 2/2
   607 | D:1      | Reached skill level 3 in Maces & Flails
   862 | D:2      | Found a shattered altar of Ashenzari.
   875 | D:2      | Reached XP level 3. HP: 18/23 MP: 3/3
  1266 | D:3      | Reached skill level 4 in Maces & Flails
  1430 | D:3      | Reached XP level 4. HP: 16/28 MP: 4/4
  2254 | D:4      | Noticed Sigmund
  2270 | D:3      | HP: 1/28 [adder (3)]
  2272 | D:3      | Slain by an adder

Illustrated notes

Levels and vault maps discovered:
D:1:      dpeg_arrival_windows_large_door, layout_rooms, minmay_tetromino_o4
D:2:      layout_loops_ring, evilmike_ruin_ashenzari, first_ration,
          minivault_19, uniq_crazy_yiuf_cottage, uniq_natasha
D:3:      layout_basic
D:4:      layout_loops_ring, corexii_item_surrounded_by_moat, minmay_cut_off,
          uniq_sigmund

Skill      XL: |  1  2  3 |
---------------+----------+-----
Maces & Flails | 3 4 |  4.8
Fighting       | |  3.2
Armour         | |  3.2
Shields        | |  3.2

Action                   |  1- 3 |  4- 6 || total
-------------------------+-------+-------++-------
Melee: Flail             |   147 |   115 ||   262
  Eat: Chunk             |     2 |     3 ||     5
Armor: Scale mail        |    88 |    91 ||   179
Dodge: Dodged            |    15 |    18 ||    33
Block: Kite shield       |    87 |    81 ||   168
